 Dungeon Crawl Stone Soup version 0.24-a0-272-g1411513 (webtiles) character file.

Game seed: 7245332307306591323

530 GroovyGamera the Skirmisher (level 7, -3/44 HPs)
             Began as a Gargoyle Fighter on Apr 25, 2019.
             Was an Initiate of Okawaru.
             Killed by divine providence
             ... invoked by an orc priest
              (17 damage)
             ... on level 4 of the Dungeon.
             The game lasted 00:08:50 (3162 turns).

GroovyGamera the Skirmisher (Gargoyle Fighter)      Turns: 3162, Time: 00:08:51

Health: -3/44      AC: 19    Str: 19    XL:     7   Next: 24%
Magic:  8/8        EV:  8    Int: 11    God:    Okawaru [......]
Gold:   125        SH: 10    Dex: 14    Spells: 6/6 levels left

rFire    . . .     SeeInvis .   a - +0 long sword
rCold    . . .     Gourm    .   c - +0 shield
rNeg     + . .     Faith    .   m - +0 plate armour
rPois    ∞         Spirit   .   l - +2 helmet
rElec    +         Reflect  .   (no cloak)
rCorr    +         Harm     .   (no gloves)
MR       .....                  (no boots)
Stlth    ..........             (no amulet)
HPRegen  0.14/turn              n - ring of stealth
MPRegen  0.11/turn              q - ring of resist corrosion

@: agile
A: negative energy resistance 1, electricity resistance, unbreathing,
petrification resistance, rot immunity, AC +4
a: Renounce Religion


You were on level 4 of the Dungeon.
You worshipped Okawaru.
Okawaru was noncommittal.
You were not hungry.

You visited 1 branch of the dungeon, and saw 4 of its levels.

You collected 125 gold pieces.

Inventory:

Hand Weapons
 a - a +0 long sword (weapon)
Missiles
 e - 34 sling bullets
 j - 6 tomahawks of dispersal (quivered)
 p - 6 tomahawks
Armour
 c - a +0 shield (worn)
 l - a +2 helmet (worn)
 m - a +0 plate armour (worn)
Jewellery
 n - a ring of stealth (left hand)
 q - a ring of resist corrosion (right hand)
Scrolls
 b - a scroll of teleportation
 g - a scroll of fear {unknown}
 i - 2 scrolls of remove curse
 r - a scroll of magic mapping {unknown}
Potions
 h - a potion of lignification {unknown}
 k - a potion of curing
Comestibles
 f - 9 rations
 o - 4 chunks of flesh


   Skills:
 + Level 5.0 Fighting
 * Level 4.9 Long Blades
 - Level 3.2 Armour
 + Level 5.0 Shields
 + Level 1.8 Invocations


You had 6 spell levels left.
You didn't know any spells.
Your spell library was empty.

Dungeon Overview and Level Annotations

Branches:
Dungeon (4/15)
 Temple: D:4-7

Altars:
Cheibriados
Okawaru
Vehumet
Yredelemnul


Innate Abilities, Weirdness & Mutations

You are resistant to torment.
Your stone body is resilient. (AC +4)
You are immune to poison.
You resist negative energy. (rN+)
You are resistant to electric shocks. (rElec)
You can survive without breathing.
You are immune to petrification.
You are immune to rotting.


Message History

The orc wizard gestures wildly while chanting.
The orc wizard seems to speed up.
The orc priest invokes the aid of Beogh against you.
Pain shoots through your body!
* * * LOW HITPOINT WARNING * * *
You slash the orc priest!
You kill the orc priest!
Okawaru accepts your kill. You block the giant cockroach's attack.
You hit the giant cockroach but do no damage.
The orc wizard gestures wildly while chanting.
The orc wizard blinks!
The giant cockroach barely misses you.
You slash the giant cockroach!
You kill the giant cockroach!
Okawaru accepts your kill. The orc wizard closely misses you.
An orc comes into view.
The orc priest calls down the wrath of Beogh upon you.
Beogh smites you!
You die...

#.....# #.# #.....#
#.# #.....# #.#
#.....# #.# #.....#
#.# #.....# #.#
##÷#### #.#
#.######.####o##..
#>......o@)oooo...
#.........####o####
#.######### #. ..
###


You could see an orc priest, 2 orc wizards and 4 orcs.

Vanquished Creatures
  Sigmund (D:2)
  A phantom (D:4)
  A howler monkey (D:4)
  2 orc priests (D:4)
  A gnoll (D:1)
  7 adders
  2 oozes (D:3)
  3 worms (D:2)
  6 dart slugs
  2 ball pythons
  9 bats
  4 giant cockroaches
  7 hobgoblins
  8 jackals
  8 kobolds
  2 quokkas
  8 frilled lizards
  2 gnoll zombies (D:2)
  10 goblins
  10 rats
94 creatures vanquished.

Notes
Turn   | Place    | Note
-------+----------+-------------------------------------------
     0 | D:1      | GroovyGamera the Gargoyle Fighter began the quest for the
                  | Orb.
     0 | D:1      | Reached XP level 1. HP: 14/14 MP: 1/1
    36 | D:1      | Found a snail-covered altar of Cheibriados.
    73 | D:1      | Reached XP level 2. HP: 12/19 MP: 2/2
   254 | D:1      | Reached XP level 3. HP: 21/23 MP: 3/3
   507 | D:1      | You fall through a shaft!
   935 | D:2      | Reached XP level 4. HP: 23/29 MP: 4/4
  1048 | D:2      | Noticed Sigmund
  1175 | D:2      | Killed Sigmund
  1175 | D:2      | Reached XP level 5. HP: 29/34 MP: 5/5
  1237 | D:2      | Reached XP level 6. HP: 39/39 MP: 6/6
  1570 | D:2      | Found a basalt altar of Yredelemnul.
  1654 | D:2      | Found an iron altar of Okawaru.
  1662 | D:2      | Became a worshipper of Warmaster Okawaru
  1732 | D:3      | Found a radiant altar of Vehumet.
  2772 | D:4      | Reached skill level 1 in Invocations
  2862 | D:4      | Noticed a phantom
  2992 | D:4      | Killed a phantom
  2992 | D:4      | Reached XP level 7. HP: 44/44 MP: 6/8
  3154 | D:4      | Reached skill level 5 in Fighting
  3154 | D:4      | Reached skill level 5 in Shields
  3162 | D:4      | Killed from afar by an orc priest

Levels and vault maps discovered:
D:1:      dpeg_arrival_chase, layout_rooms, cheibriados_altar_1
D:2:      layout_basic, lemuel_zombie_altar_yredelemnul,
          lemuel_coloured_pillars_altar, first_ration, roderic_serpentine_path,
          roderic_lattice_a, uniq_sigmund
D:3:      minmay_inner_zag, layout_loops_corners, old_standard_altar,
          st_stairs_10
D:4:      layout_basic, chequers_temple_overflow_statue_of_worship

Skill      XL: |  1  2  3  4  5  6  7 |
---------------+----------------------+-----
Long Blades    | 2 3 4 |  4.9
Fighting       | 4 5 |  5.0
Shields        | 4 5 |  5.0
Invocations    | 1 |  1.8
Armour         | |  3.2

Action                   |  1- 3 |  4- 6 |  7- 9 || total
-------------------------+-------+-------+-------++-------
Melee: Long sword        |   126 |   262 |    15 ||   403
  Use: Potion            |       |     1 |     2 ||     3
       Scroll            |       |     4 |       ||     4
  Eat: Chunk             |       |     7 |     1 ||     8
Armor: Scale mail        |    48 |       |       ||    48
       Plate armour      |    29 |   207 |     8 ||   244
Dodge: Dodged            |    44 |    31 |     5 ||    80
Block: Shield            |    87 |   132 |     4 ||   223
       Rpst.: Long sword |    14 |    11 |     2 ||    27

Table legend:
 A = Non-vault XP
 B = Vault XP
 C = Vault XP percentage of total XP
 D = Non-vault monster count
 E = Vault monster count
 F = Vault count percentage of total count
                 A         B        C        D         E       F
            +---------+---------+-------+---------+---------+-------
      Total |     508 |     250 |  33.0 |      82 |      12 |  12.8
            +---------+---------+-------+---------+---------+-------
        D:1 |      58 |       0 |   0.0 |      29 |       0 |   0.0
        D:2 |      60 |     230 |  79.3 |      21 |       3 |  12.5
        D:3 |      91 |      20 |  18.0 |      23 |       9 |  28.1
        D:4 |     299 |       0 |   0.0 |       9 |       0 |   0.0
            +---------+---------+-------+---------+---------+-------
